 Dungeon Crawl Stone Soup version 0.21-a0-421-gfc1ce30 (webtiles) character file.

124 pepi55 the Chopper (level 4, 0/40 HPs)
             Began as a Minotaur Fighter on Nov 4, 2017.
             Killed from afar by Sigmund (11 damage)
             ... with a magic dart
             ... on level 3 of the Dungeon.
             The game lasted 00:10:17 (2503 turns).

pepi55 the Chopper (Minotaur Fighter)               Turns: 2503, Time: 00:10:18

Health: 0/40       AC: 11    Str: 21    XL:     4   Next: 81%
Magic:  3/3        EV:  4    Int:  5    God:
Gold:   98         SH:  9    Dex: 10    Spells: 3/3 levels left

rFire    . . .     SeeInvis .   a - +0 war axe
rCold    . . .     Gourm    .   c - +0 shield
rNeg     . . .     Faith    .   p - +0 plate armour
rPois    .         Spirit   .   (helmet restricted)
rElec    .         Reflect  .   (no cloak)
rCorr    .         Harm     .   (no gloves)
MR       .....                  (no boots)
Stlth    ..........             (no amulet)
HPRegen  0.13/turn              (no ring)
MPRegen  0.08/turn              (no ring)

@: no status effects
A: retaliatory headbutt, horns 2
a: no special abilities


You were on level 3 of the Dungeon.
You were not hungry.

You visited 1 branch of the dungeon, and saw 4 of its levels.

You collected 98 gold pieces.

Inventory:

Hand Weapons
 a - a +0 war axe (weapon)
Armour
 b - a +0 scale mail
 c - a +0 shield (worn)
 p - a +0 plate armour (worn)
Jewellery
 h - a cursed amulet of inaccuracy {unknown}
 s - an uncursed ring of magical power {unknown}
Scrolls
 e - 7 scrolls of remove curse {unknown}
 g - a scroll of enchant weapon {unknown}
 j - 2 scrolls of enchant armour {unknown}
 m - 2 scrolls of immolation {unknown}
 n - 2 scrolls of identify {unknown}
 o - a scroll of random uselessness {unknown}
 q - a scroll of fear {unknown}
 u - a scroll of magic mapping {unknown}
 x - a scroll of recharging {unknown}
Potions
 i - 2 potions of degeneration {unknown}
 k - a potion of haste {unknown}
 l - a potion of heal wounds {unknown}
 r - a potion of lignification {unknown}
 t - a potion of invisibility {unknown}
 v - a potion of brilliance {unknown}
Comestibles
 f - 2 bread rations
 w - 2 fruits


   Skills:
 - Level 3.9 Fighting
 + Level 5.6 Axes
 - Level 3.9 Armour
 - Level 3.9 Shields


You had 3 spell levels left.
You didn't know any spells.

Dungeon Overview and Level Annotations

Branches:
Dungeon (4/15)
 Temple: D:4-7

Altars:

Annotations:
D:3 Sigmund


Innate Abilities, Weirdness & Mutations

You reflexively headbutt those who attack you in melee.
You have a pair of horns on your head.


Message History

Sigmund is moderately wounded.
Sigmund hits you with a scythe.
You slash Sigmund!
Sigmund is almost dead.
Sigmund hits you but does no damage.
Your shield and plate armour prevent you from hitting Sigmund.
You headbutt Sigmund.
Sigmund is almost dead.
Sigmund flickers, as though insubstantial.
Sigmund points at you and mumbles some strange words.
The magic dart hits you!
You closely miss Sigmund.
Sigmund is almost dead.
Sigmund hits you with a scythe.
* * * LOW HITPOINT WARNING * * *
You hit Sigmund but do no damage. Your headbutt misses Sigmund.
Sigmund is almost dead.
Sigmund casts a spell at you. The magic dart hits you!
You die...

..................##....## #.....
......##...#.............# #.....
......####........##.###.# #..(..
......#####...#.####.# #.# #.†...
............#...#....# #.###.....
...)...######.....#### #.........
#####..######.#..###.#...........
####..#........>....#.###.#.....
##.......###...†@......# #.#.....
#..##..........@###..### #.#####.
..####..##......####.# #.# #. ###
#...............### #.. #.
##...#.............# ##. #.
#####..#........###.##.####.# #.
........(.........@.........# #.
###........##..####.g.....#.####>
#............# ###.###.#......


You could see Sigmund.

Vanquished Creatures
  Robin (D:3)
  An adder (D:3)
  2 worms (D:2)
  2 dart slugs (D:1)
  3 leopard geckos
  4 orcs (D:3)
  A ball python (D:2)
  6 bats
  4 giant cockroaches
  18 goblins
  7 hobgoblins
  11 jackals
  2 quokkas
  4 frilled lizards
  7 kobolds
  6 rats
79 creatures vanquished.

Notes
Turn   | Place    | Note
-------+----------+-------------------------------------------
     0 | D:1      | pepi55 the Minotaur Fighter began the quest for the Orb.
     0 | D:1      | Reached XP level 1. HP: 19/19 MP: 0/0
   240 | D:1      | Reached XP level 2. HP: 27/27 MP: 1/1
   640 | D:1      | Reached skill level 3 in Axes
  1006 | D:2      | Reached XP level 3. HP: 28/33 MP: 2/2
  1110 | D:2      | Reached skill level 4 in Axes
  1615 | D:3      | Noticed Robin
  1619 | D:3      | Reached XP level 4. HP: 33/40 MP: 3/3
  1658 | D:3      | Killed Robin
  1658 | D:3      | Reached skill level 5 in Axes
  2168 | D:3      | Noticed Sigmund
  2503 | D:3      | Killed from afar by Sigmund

Vault maps used:
D:1:      lightli_arrival_noodles, serial_forest, infiniplex_forest_straight_1,
          infiniplex_forest_corner_1, infiniplex_forest_lined_2,
          infiniplex_forest_lined_corner, infiniplex_forest_lined_3,
          infiniplex_forest_straight_4, infiniplex_forest_clump_small,
          infiniplex_forest_clump_tiny, infiniplex_forest_clump_double
D:3:      dancing_weapons_uskayaw, lemuel_blue_sif_altar, uniq_robin,
          uniq_sigmund
D:4:      first_bread

Skill      XL: |  1  2  3  4 |
---------------+-------------+-----
Axes           | 3 4 5 |  5.6
Fighting       | |  3.9
Armour         | |  3.9
Shields        | |  3.9

Action                   |  1- 3 |  4- 6 || total
-------------------------+-------+-------++-------
Melee: War axe           |   108 |    82 ||   190
       Headbutt          |    14 |    11 ||    25
  Use: Potion            |       |     1 ||     1
  Eat: Chunk             |     2 |     3 ||     5
Armor: Scale mail        |    43 |    39 ||    82
       Plate armour      |       |     6 ||     6
Dodge: Dodged            |    34 |    24 ||    58
Block: Shield            |    55 |    41 ||    96

Table legend:
 A = Spawn XP
 B = Non-spawn XP
 C = Spawn XP percentage of total XP
 D = Spawn monster count
 E = Non-spawn monster count
 F = Spawn count percentage of total count
 G = Total turns spent on level
                    A         B        C        D         E        F      G
               +---------+---------+-------+---------+---------+-------+---------
         Total |       0 |     178 |   0.0 |       0 |      79 |   0.0 |  2503
               +---------+---------+-------+---------+---------+-------+---------
           D:1 |       0 |      33 |   0.0 |       0 |      17 |   0.0 |   975
           D:2 |       0 |      43 |   0.0 |       0 |      21 |   0.0 |   582
           D:3 |       0 |     102 |   0.0 |       0 |      41 |   0.0 |   678
               +---------+---------+-------+---------+---------+-------+---------
